 Dungeon Crawl Stone Soup version 0.29.1-12-g30fa7ad0bf (webtiles) character file.

Game seed: 9514797428928640801

1507 FexLirch the Thaumaturge (level 8, -7/52 HPs)
             Began as a Mummy Necromancer on Jan 15, 2023.
             Was a Follower of Kikubaaqudgha.
             Mangled by Pikel
             ... wielding a +2 whip of flaming
              (10 damage)
             ... on level 7 of the Dungeon.
             The game lasted 00:20:47 (5910 turns).

FexLirch the Thaumaturge (Mummy Necromancer)        Turns: 5910, Time: 00:20:48

Health: -7/52      AC:  4    Str: 17    XL:     8   Next: 52%
Magic:  3/20       EV: 11    Int: 17    God:    Kikubaaqudgha [*.....]
Gold:   279        SH:  0    Dex: 15    Spells: 7/23 levels left

rFire   x . .      SeeInvis +   j - staff of death
rCold   + + .      Faith    .   (no shield)
rNeg    + + +      Spirit   .   u - +1 leather armour {Will+}
rPois   ∞          Reflect  .   (no helmet)
rElec   .          Harm     +   n - scarf {harm}
rCorr   .          Rampage  .   (no gloves)
Will    ++...                   (no boots)
Stlth   ++........              (no amulet)
HPRegen 0.17/turn               t - +6 ring of strength
MPRegen 0.17/turn               q - ring of Xoicidoy {rC+ rN+ Dex+3 SInv}

@: animating dead
A: cold resistance 1, negative energy resistance 3, torment resistance 2, heat
vulnerability 1, in touch with death 1, no potions
a: Renounce Religion, Unearth Wretches


You were on level 7 of the Dungeon.
You worshipped Kikubaaqudgha.
Kikubaaqudgha was aware of your devotion.
You visited 2 branches of the dungeon, and saw 8 of its levels.
You also visited: Sewer.

You collected 405 gold pieces.
You spent 126 gold pieces at shops.

Inventory:

Hand Weapons
 h - a +0 short sword
 i - a +0 halberd
 x - a +0 short sword of electrocution
Missiles
 k - 2 throwing nets
 o - 11 boomerangs
Armour
 n - a scarf of harm (worn)
 u - a +1 leather armour of willpower (worn)
 z - a +4 ring mail of cold resistance
Magical Staves
 d - a staff of poison
 j - a staff of death (weapon)
 s - a staff of air
Jewellery
 l - a +6 ring of dexterity
 q - the ring of Xoicidoy (right hand) {rC+ rN+ Dex+3 SInv}
   (You found it on level 3 of the Dungeon)

   [ring of positive energy]

   Dex:       It affects your dexterity (+3).
   rC:        It protects you from cold.
   rN:        It protects you from negative energy.
   SInv:      It lets you see invisible.
 t - a +6 ring of strength (left hand)
 v - a ring of protection from cold
Wands
 p - a wand of digging (8)
 w - a wand of acid (6)
 y - a wand of charming (12)
Scrolls
 a - a scroll of summoning
 b - 3 scrolls of teleportation
 c - a scroll of butterflies
 e - 3 scrolls of magic mapping
 f - 3 scrolls of enchant weapon
 g - 2 scrolls of fear
 m - a scroll of vulnerability
 r - 2 scrolls of blinking


   Skills:
 - Level 1.5 Dodging
 - Level 1.5 Stealth
 * Level 8.3 Spellcasting
 * Level 7.7 Necromancy
 + Level 2.6 Ice Magic
 - Level 3.0 Evocations


You had 7 spell levels left.
You knew the following spells:

 Your Spells              Type           Power      Damage    Failure   Level
a - Necrotise             Necr           100%       1d9       1%          1
b - Vampiric Draining     Necr           66%        2d10      1%          3
c - Animate Dead          Necr           66%        N/A       4%          4
d - Agony                 Necr           66%        N/A       14%         5
e - Ozocubu's Armour      Ice            16%        N/A       13%         3

Your spell library contained the following spells:

 Spells                   Type           Power      Damage    Failure   Level
 Foxfire                  Conj/Fire      28%        2x1d5     12%         1
 Sandblast                Erth           14%        2d6       12%         1
 Shock                    Conj/Air       28%        1d4       12%         1
 Passwall                 Tmut/Erth      5%         N/A       19%         2
 Anguish                  Hex/Necr       22%        N/A       26%         4
 Conjure Flame            Conj/Fire      7%         6-21      36%         3
 Gell's Gravitas          Tloc           7%         N/A       36%         3
 Inner Flame              Hex/Fire       7%         N/A       36%         3
 Stone Arrow              Conj/Erth      14%        3d7       36%         3
 Swiftness                Air            7%         N/A       36%         3
 Teleport Other           Tloc           7%         N/A       36%         3
 Airstrike                Air            3%         2d(1-17)  77%         4
 Animate Armour           Summ/Erth      14%        N/A       77%         4
 Flame Wave               Conj/Fire      7%         2d5       77%         4
 Petrify                  Tmut/Erth      7%         N/A       77%         4
 Irradiate                Conj/Tmut      3%         3d12      98%         5
 Dispersal                Tloc           3%         N/A       100%        6
 Iron Shot                Conj/Erth      3%         9d2       100%        6
 Ozocubu's Refrigeration  Ice            8%         4d9       100%        7
 Sublimation of Blood     Necr           Unusable   N/A       N/A         2
 Blade Hands              Tmut           Unusable   N/A       N/A         5

Dungeon Overview and Level Annotations

Branches:
Dungeon (7/15)             Temple (1/1) D:5           Sewer (visited)

Altars:
Ashenzari
Dithmenos
Gozag
Kikubaaqudgha
Okawaru
Qazlal
Sif Muna
Trog
Vehumet
Wu Jian
Xom
Yredelemnul

Shops:
D:2 [

Annotations:
D:3 Grinder
D:7 Pikel


Innate Abilities, Weirdness & Mutations

You are immune to poison.
Your flesh is cold resistant. (rC+)
You are immune to negative energy. (rN+++)
You are immune to unholy pain and torment.
You are vulnerable to heat. (rF-)
You are in touch with the powers of death.
You do not drink.


Message History

Here: Pikel, wielding a +2 whip of flaming and wearing a +0 robe The floor.
Unknown command.
Unknown command.
Your hound zombie closely misses the lemure.
The lemure hits your hound zombie.
Your hound zombie barely misses the lemure.
Your hound zombie barely misses the lemure.
The lemure closely misses your hound zombie.
Your hound zombie barely misses the lemure.
The lemure barely misses your hound zombie.
Your hound zombie bites the lemure but does no damage.
The hound pauses to sniff the ground.
The lemure hits your hound zombie!
Your hound zombie bites the lemure.
Your hound zombie barely misses the lemure.
The lemure hits your hound zombie!
Your hound zombie is destroyed!
The lemure barely misses your gnoll zombie.
Your gnoll zombie barely misses the lemure.
The lemure hits your gnoll zombie.
Your gnoll zombie barely misses the lemure.
The lemure hits your gnoll zombie!
Your gnoll zombie closely misses the lemure.
Your gnoll zombie misses Pikel.
You swap places.
Pikel hits you with a +2 whip of flaming!
Pikel burns you.
* * * LOW HITPOINT WARNING * * *
Casting: Necrotise (safe; 1% risk of failure)
Confirm with . or Enter, or press ? or * to list all spells.
Aiming: Vampiric Draining (safe; 1% risk of failure)
Press: ? - help, Shift-Dir - straight line, f - Pikel
Aim: Pikel, wielding a +2 whip of flaming and wearing a +0 robe You feel a strong surge of power!
You draw life force from Pikel.
You feel life coursing into your body.
Pikel hits you with a +2 whip of flaming!
* * * LOW HITPOINT WARNING * * *
Pikel burns you!
You die...
Kikubaaqudgha rasps: "You have failed me!
Welcome... oblivion!"

############
#..........#
##..........#
.'..........# #
#.........Z# ...
##........ZZ###55...
.........ZZZ@K555...
######...######h....
#######.# ..#
#.....ZZ### #
#......Z).##
#.......#..###
#.......##...####
#.......####.#..+
#.......# #.#.#


You could see Pikel, 4 lemures, a hound, an ufetubus (ally target), a friendly
iguana zombie, a friendly bullfrog zombie, a friendly gnoll zombie, a friendly
gnoll bouda zombie and 2 friendly orc zombies.

Vanquished Creatures
  Eustachio (D:6)
  A water moccasin (Sewer)
  An ice beast (D:6)
  A black bear (D:5)
  A bullfrog (D:7)
  A gnoll sergeant (D:6)
  4 scorpions
  2 necrophages
  A gnoll bouda (D:6)
  Ijyb (D:4)
  2 iguanas
  3 orc wizards
  11 gnolls
  3 adders
  2 river rats (D:3)
  A white imp (D:6)
  4 worms
  A dart slug (D:1)
  16 orcs
  A bat (D:2)
  4 endoplasms
  A giant cockroach (D:1)
  3 goblins
  6 hobgoblins
  3 jackals (D:4)
  9 kobolds
  2 quokkas
  7 ball pythons
  5 frilled lizards
  7 rats
105 creatures vanquished.

Vanquished Creatures (collateral kills)
  A scorpion (D:5)
  A hound (D:7)
  A gnoll bouda (D:7)
  3 gnolls (D:6)
  An ufetubus (D:6)
  An orc (D:7)
  A giant cockroach (D:4)
  A bat (D:2)
10 creatures vanquished.

Vanquished Creatures (others)
  A hound zombie (D:7)
  8 gnoll zombies
  A bat (D:2)
  An orc zombie (D:6)
11 creatures vanquished.

Grand Total: 126 creatures vanquished

Notes
Turn   | Place    | Note
-------+----------+-------------------------------------------
     0 | D:1      | FexLirch the Mummy Necromancer began the quest for the Orb.
     0 | D:1      | Reached XP level 1. HP: 13/13 MP: 4/4
    93 | D:1      | Found a faded altar of an unknown god.
   109 | D:1      | Reached skill level 3 in Spellcasting
   217 | D:1      | Reached XP level 2. HP: 19/19 MP: 1/6
  1120 | D:2      | Gained mutation: You are in touch with the powers of death.
                  | [Mummy growth]
  1120 | D:2      | Reached XP level 3. HP: 24/24 MP: 6/8
  1124 | D:2      | Learned a level 3 spell: Vampiric Draining
  1332 | D:2      | Reached skill level 4 in Spellcasting
  1522 | D:2      | Reached XP level 4. HP: 30/30 MP: 5/10
  1879 | D:2      | Reached skill level 5 in Necromancy
  1957 | D:2      | Found Plog's Armour Emporium.
  1964 | D:2      | Bought a scarf of harm for 126 gold pieces
  2229 | D:3      | Noticed Grinder
  2342 | D:3      | Identified the ring of Xoicidoy {rC+ rN+ Dex+3 SInv}
  2360 | D:3      | Found a glowing drain.
  2365 | Sewer    | Entered a sewer
  2406 | Sewer    | Noticed a water moccasin
  2411 | Sewer    | Killed a water moccasin
  2412 | Sewer    | Reached skill level 5 in Spellcasting
  2412 | Sewer    | Reached skill level 1 in Evocations
  2412 | Sewer    | Reached XP level 5. HP: 28/35 MP: 6/12
  2417 | Sewer    | Learned a level 4 spell: Animate Dead
  2423 | Sewer    | Learned a level 5 spell: Agony
  2624 | D:3      | Paralysed by Grinder for 3 turns
  2630 | D:3      | Paralysed by Grinder for 3 turns
  2673 | D:5      | Entered Level 5 of the Dungeon
  2764 | D:4      | Noticed a phantom
  2779 | D:4      | Reached XP level 6. HP: 19/41 MP: 10/14
  3095 | D:4      | Learned a level 3 spell: Ozocubu's Armour
  3243 | D:4      | Noticed Ijyb
  3258 | D:4      | Killed Ijyb
  3358 | D:4      | Found an ornate altar of the Wu Jian Council.
  3586 | D:5      | Reached skill level 6 in Spellcasting
  3591 | D:5      | Reached XP level 7. HP: 26/46 MP: 2/16
  3863 | D:5      | Reached skill level 1 in Ice Magic
  3884 | D:5      | Found a staircase to the Ecumenical Temple.
  3896 | Temple   | Entered the Ecumenical Temple
  3960 | Temple   | Became a worshipper of Kikubaaqudgha
  4184 | D:5      | Identified the +5 great sword "Eroycog" {pain, *Noise rC+
                  | Dex+2}
  4561 | D:6      | Reached skill level 7 in Spellcasting
  4731 | D:6      | Noticed Eustachio
  4754 | D:6      | Killed Eustachio
  5028 | D:6      | Reached XP level 8. HP: 36/52 MP: 2/19
  5760 | D:6      | Reached skill level 8 in Spellcasting
  5873 | D:7      | Reached * piety under Kikubaaqudgha
  5873 | D:7      | Received a gift from Kikubaaqudgha
  5891 | D:7      | Noticed Pikel
  5910 | D:7      | Mangled by Pikel

Illustrated notes

Levels and vault maps discovered:
D:1:      wander_arrival_lonely_grave, layout_rooms,
          ebering_ecumenical_altar_abandoned
D:2:      layout_basic, serial_shops, shop, kennysheep_generic_room_5
D:3:      layout_rooms, gup_sewer_entry_bowl, uniq_grinder
D:4:      layout_rooms, mainiacjoe_overflow_brackets, uniq_edmund, uniq_ijyb
D:5:      layout_basic, minmay_temple_entry_statues_fountains
D:6:      layout_basic, uniq_eustachio
D:7:      layout_basic, fedhas_altar_4, mainiacjoe_overflow_six_doors_small,
          lightli_bailey_entry_fortress, minmay_bent, uniq_pikel
Temple:   eino_narrow_crystal_temple

Skill      XL: |  1  2  3  4  5  6  7  8 |
---------------+-------------------------+-----
Spellcasting   | 3 4 5 6 7 8 |  8.3
Necromancy     | 5 6 7 |  7.7
Evocations     | 1 2 3 |  3.0
Ice Magic      | 1 2 |  2.6
Dodging        | |  1.5
Stealth        | |  1.5

Action                   |  1- 3 |  4- 6 |  7- 9 || total
-------------------------+-------+-------+-------++-------
Melee: Short sword       |     6 |       |     5 ||    11
       Staff             |     2 |    17 |    71 ||    90
       Punch             |       |       |     1 ||     1
 Cast: Necrotise         |    57 |    71 |    72 ||   200
       Vampiric Draining |       |     2 |    13 ||    15
       Animate Dead      |       |     1 |     6 ||     7
       Ozocubu's Armour  |       |       |     1 ||     1
       Agony             |       |       |     1 ||     1
  Use: Scroll            |       |     6 |     3 ||     9
Armor: Leather armour    |     7 |     8 |    32 ||    47
Dodge: Dodged            |    13 |    20 |    90 ||   123
